[Event "Titled Tuesday Blitz June 15 2021"]
[White "Demin, Vladimir"]
[Black "Vokhidov, Shamsiddin"]
[WhiteFideId "4167457"]
[BlackFideId "14204223"]
[WhiteElo "2581"]
[BlackElo "2572"]
[Result "1/2-1/2"]
[Round "02"]
[TimeControl "180+1"]
[Date "2021.06.15"]
[WhiteClock "0:00:10"]
[BlackClock "0:00:06"]

1. e4 c5 2. Nf3 Nc6 3. c3 e5 4. Bc4 Nf6 5. Ng5 d5 6. exd5 Nxd5 7. d3 Be7 8. Qh5 Bxg5 9. Bxg5 Qd6 10. Nd2 Be6 11. Ne4 Qf8 12. f4 exf4 13. O-O h6 14. Bxf4 O-O-O 15. Bg3 f5 16. Rae1 g5 17. Qg6 Qg8 18. Qxg8 Bxg8 19. Nd6+ Kc7 20. Nxf5+ Kb6 21. Ng7 Nf4 22. Bxf4 Bxc4 23. Bg3 Rxd3 24. b3 Rxg3 25. hxg3 Bxf1 26. Rxf1 Rd8 27. Nf5 Rd3 28. Rf3 Rd1+ 29. Rf1 Rd2 30. Rf2 Rd3 31. Rf3 Rd1+ 32. Rf1 Rd8 33. Nxh6 Ne5 34. Nf7 Nxf7 35. Rxf7 Rd3 36. Rf3 Rd2 37. Rf2 Rd1+ 38. Rf1 Rd3 39. Rf3 Rd5 40. c4 Rd2 41. Rf2 Rd4 42. Kf1 g4 43. Ke2 Re4+ 44. Kd3 Rd4+ 45. Ke3 Rd1 46. Kf4 Rd4+ 47. Ke5 Ka5 48. a3 Rd3 49. Rb2 Rxg3 50. Kf4 Rd3 51. Kxg4 b5 52. cxb5 Kxb5 53. Kf5 a5 54. g4 Rf3+ 55. Ke4 Rg3 56. Kf4 Rg1 57. g5 a4 58. bxa4+ Kxa4 59. Rc2 Kb5 60. Kf5 c4 61. Kf6 Rf1+ 62. Kg7 Rf4 63. g6 Ka4 64. Rc3 Kb5 65. Kh7 Rh4+ 66. Kg8 Kc5 67. g7 Kd4 68. Rf3 c3 69. Kf8 c2 70. g8=Q c1=Q 71. Qg7+ Ke4 72. Qe7+ Kxf3 73. Qxh4 Qc8+ 74. Kf7 Qb7+ 75. Qe7 Qd5+ 76. Ke8 Qa8+ 77. Kd7 Qa7+ 78. Ke6 Qa6+ 79. Qd6 Qc8+ 80. Ke7 Qb7+ 81. Kf6 Qa8 82. Ke6 Qe8+ 83. Kd5 Qa8+ 84. Ke5 Qe8+ 85. Kf6 Qh8+ 86. Kf7 Qa8 87. Qe7 Kf4 88. Qf6+ Ke4 89. Qe6+ Kf4 90. Qd6+ Ke4 91. Kg7 Qb7+ 92. Kf6 Qa8 93. Kf7 Qb7+ 94. Qe7+ Qxe7+ 95. Kxe7 Kd5 96. a4 Kc6 97. Ke6 Kb6 98. a5+ Kxa5 1/2-1/2


[Site "https://www.chess.com"]

[Event "Titled Tuesday Blitz June 15 2021"]
[White "Dobrov, Vladimir"]
[Black "Bazarov, Konstantin"]
[WhiteFideId "4136594"]
[BlackFideId "4137000"]
[WhiteElo "2614"]
[BlackElo "2209"]
[Result "1/2-1/2"]
[Round "02"]
[TimeControl "180+1"]
[Date "2021.06.15"]
[WhiteClock "0:00:06"]
[BlackClock "0:00:03"]

1. b3 e5 2. Bb2 Nc6 3. e3 a6 4. Ne2 d5 5. d4 exd4 6. Nxd4 Bb4+ 7. c3 Be7 8. Be2 Nf6 9. O-O Nxd4 10. Qxd4 c6 11. Nd2 O-O 12. c4 dxc4 13. Nxc4 Qxd4 14. Bxd4 Be6 15. Na5 c5 16. Bb2 Bd5 17. Bf3 Bxf3 18. gxf3 Ra7 19. Rfd1 b6 20. Nc6 Rb7 21. Nxe7+ Rxe7 22. Rd6 Re6 23. Rxe6 fxe6 24. Rd1 Ne8 25. Rd7 Rxf3 26. Re7 Kf8 27. Rxe6 b5 28. Rxa6 Rf5 29. Rc6 Ke7 30. a3 g6 31. Rb6 c4 32. bxc4 bxc4 33. Rc6 Nd6 34. Rc7+ Ke6 35. Bc3 Ne4 36. Rxc4 Nxf2 37. Kg2 Nd3 38. Re4+ Kf7 39. Rd4 Nc5 40. Rf4 Ke6 41. Rc4 Rh5 42. a4 Nb3 43. Re4+ Kd6 44. Rb4 Nc5 45. Rb6+ Kd5 46. Rb4 Kc6 47. Rc4 Kd5 48. Rd4+ Kc6 49. Rf4 Ne6 50. Rf6 Kd5 51. a5 Nc5 52. Rf7 Rh4 53. Be1 Ra4 54. Rxh7 Nd3 55. Rd7+ Ke4 56. Bd2 Nc5 57. Kg3 Nxd7 58. Kg4 Ne5+ 59. Kg3 Nf3 60. Bc3 Kxe3 61. h3 Nd2 62. Bg7 Ne4+ 63. Kg4 Rxa5 64. h4 Kd3 65. Kf4 Rb5 66. Kg4 Rf5 67. Bh8 Rd5 68. Kf4 Nc3 69. Kg4 Ke4 70. Bxc3 Rf5 71. Bg7 Rd5 72. Bh8 Rf5 73. Bg7 Rd5 74. Bh8 Rf5 75. Bg7 1/2-1/2


[Site "https://www.chess.com"]

[Event "Titled Tuesday Blitz June 15 2021"]
[White "Drygalov, Sergey"]
[Black "Levitskiy, Andrey"]
[WhiteFideId "24171743"]
[BlackFideId "14132885"]
[WhiteElo "2514"]
[BlackElo "2323"]
[Result "1-0"]
[Round "02"]
[TimeControl "180+1"]
[Date "2021.06.15"]
[WhiteClock "0:00:33"]
[BlackClock "0:00:03"]

1. d4 Nf6 2. Nf3 e6 3. c4 Bb4+ 4. Nbd2 d6 5. a3 Bxd2+ 6. Qxd2 a5 7. e3 O-O 8. b3 Nbd7 9. Bb2 Qe7 10. Be2 b6 11. O-O Bb7 12. Rfe1 Ne4 13. Qc2 f5 14. d5 e5 15. Bd3 Ndc5 16. Bf1 a4 17. b4 Nb3 18. Rad1 g5 19. Bd3 g4 20. Bxe4 fxe4 21. Nd2 Qf7 22. Nxe4 Qf5 23. Re2 Bc8 24. Ng3 Qxc2 25. Rxc2 Bf5 26. e4 Bd7 27. Bc1 Rf7 28. Be3 Raf8 29. Bh6 Re8 30. Be3 Ref8 31. Ne2 Kg7 32. Nc1 Kg6 33. Nd3 h5 34. c5 Bb5 35. cxb6 cxb6 36. Bxb6 Bxd3 37. Rxd3 Rf4 38. Re3 R8f6 39. g3 Rf3 40. Rxf3 Rxf3 41. Be3 h4 42. gxh4 Kh5 43. b5 Kxh4 44. b6 Rf8 45. Kg2 Rb8 46. Rc6 Nd4 47. Rxd6 Nf3 48. Rh6# 1-0


[Site "https://www.chess.com"]

[Event "Titled Tuesday Blitz June 15 2021"]
[White "Dudognon, Thibault"]
[Black "Savitski, Andrei"]
[WhiteFideId "20675569"]
[BlackFideId "13506161"]
[WhiteElo "2175"]
[BlackElo "2121"]
[Result "0-1"]
[Round "02"]
[TimeControl "180+1"]
[Date "2021.06.15"]
[WhiteClock "0:00:10"]
[BlackClock "0:00:11"]

1. e4 c5 2. d4 cxd4 3. c3 Nf6 4. e5 Nd5 5. Nf3 Nc6 6. Bc4 Nb6 7. Bb3 d5 8. exd6 Qxd6 9. O-O Bf5 10. Nxd4 Nxd4 11. cxd4 e6 12. Nc3 Be7 13. Qf3 Qd7 14. Rd1 O-O 15. d5 e5 16. d6 Bd8 17. h3 Be6 18. Ne4 Bxb3 19. Qxb3 Rc8 20. Be3 Qf5 21. Ng3 Qc2 22. Rac1 Qxb3 23. axb3 Rxc1 24. Rxc1 Nd7 25. Nf5 g6 26. Ne7+ Kg7 27. Bxa7 Kf6 28. Be3 Ke6 29. f4 f5 30. fxe5 Nxe5 31. Bf4 Nd3 32. Rf1 Nxf4 33. Rxf4 Kxd6 34. Nc8+ Kc7 35. Rc4+ Kd7 36. Kf1 Rf6 37. Na7 Rb6 38. Rd4+ Kc7 39. Rc4+ Kd7 40. Rd4+ Rd6 41. Rxd6+ Kxd6 42. Nb5+ Kc5 43. Nc3 Kb4 44. Nd5+ Kxb3 45. Ke2 Kxb2 46. Kd3 b5 47. Nc3 b4 48. Nb5 b3 49. Nd4 Bf6 50. Nc6 Ka3 51. Na5 b2 52. Nc4+ Kb4 53. Nd2 Kc5 54. Kc2 Kd4 55. Nf3+ Ke3 56. Ne1 Kf2 57. Nd3+ Kxg2 58. Nc5 Bh8 59. Ne6 Kxh3 60. Nf8 Kg4 61. Nxh7 f4 0-1


[Site "https://www.chess.com"]

[Event "Titled Tuesday Blitz June 15 2021"]
[White "Eljanov, Pavel"]
[Black "Maltsevskaya, Aleksandra"]
[WhiteFideId "14102951"]
[BlackFideId "24174041"]
[WhiteElo "2602"]
[BlackElo "2225"]
[Result "1-0"]
[Round "02"]
[TimeControl "180+1"]
[Date "2021.06.15"]
[WhiteClock "0:00:06"]
[BlackClock "0:00:05"]

1. c4 e5 2. d3 Nc6 3. Nf3 Nf6 4. a3 d5 5. cxd5 Nxd5 6. e4 Nf6 7. Be2 a5 8. O-O Bc5 9. Qc2 Qe7 10. Bg5 Bg4 11. Nbd2 Rd8 12. Rac1 Bb6 13. h3 Bxf3 14. Nxf3 O-O 15. Qa4 h6 16. Be3 Nd4 17. Nxd4 exd4 18. Bd2 Nd7 19. Qb5 Ra8 20. Bg4 c6 21. Qb3 a4 22. Qc2 Nc5 23. f4 Nb3 24. Rcd1 Nxd2 25. Qxd2 Qc5 26. Qe2 Qb5 27. Rd2 Rae8 28. Kh1 Re7 29. e5 f5 30. Bh5 g5 31. fxg5 Qxe5 32. Qxe5 Rxe5 33. gxh6 Kh7 34. Bf3 Kxh6 35. Rdf2 Re3 36. Rd1 Bc7 37. Re2 Rfe8 38. Rxe3 Rxe3 39. Kg1 Bg3 40. Kf1 Kg5 41. Be2 b6 42. Rc1 c5 43. Rc4 Be5 44. Rxa4 b5 45. Ra5 c4 46. Rxb5 cxd3 47. Bxd3 Bg3 48. Rxf5+ Kg6 49. Rf3+ Kg5 50. Rxe3 dxe3 51. Ke2 Be5 52. b4 Bb2 53. a4 Bc3 54. b5 Ba5 55. g4 Kf4 56. g5 Kxg5 57. Kxe3 Kh4 58. Bf1 Kg5 59. Ke4 Kf6 60. Kd5 Kg5 61. Kc6 1-0


[Site "https://www.chess.com"]

[Event "Titled Tuesday Blitz June 15 2021"]
[White "Erdogdu, Mert"]
[Black "Khumalo, Keith"]
[WhiteFideId "6301495"]
[BlackFideId "14319470"]
[WhiteElo "2485"]
[BlackElo "1992"]
[Result "0-1"]
[Round "02"]
[TimeControl "180+1"]
[Date "2021.06.15"]
[WhiteClock "0:00:14"]
[BlackClock "0:01:20"]

1. e4 c5 2. Nf3 d6 3. d4 cxd4 4. Nxd4 Nf6 5. Nc3 a6 6. Be3 e5 7. Nb3 Be6 8. f3 Be7 9. Qd2 Nbd7 10. O-O-O O-O 11. g4 b5 12. g5 b4 13. Ne2 Ne8 14. f4 exf4 15. Nxf4 Bxb3 16. cxb3 Qa5 17. Kb1 Bxg5 18. Rg1 Bh6 19. Bc4 Ne5 20. Bd5 Rc8 21. Nh5 Bxe3 22. Qxe3 Qc5 23. Qd2 g6 24. Rc1 Qb6 25. Qh6 Qd4 26. Nf4 Rxc1+ 27. Rxc1 Qe3 28. Qh4 Nf3 29. Qg3 Nd2+ 30. Kc2 Qxg3 31. hxg3 Nf3 32. Kd3 Nf6 33. Ke3 Ne5 34. Rc7 g5 35. Nd3 Nxd5+ 36. exd5 Re8 37. Nxb4 Nc4+ 38. Kd4 Nxb2 39. Nc6 Re1 40. Ne7+ Kg7 41. Nf5+ Kf6 42. Nxd6 Rd1+ 43. Kc5 Nd3+ 44. Kb6 Ne5 45. Ne8+ Kf5 46. d6 h5 47. Rc5 f6 48. Kc7 Ke6 49. Ng7+ Kf7 50. Nf5 Ke6 51. Ng7+ Kf7 52. Nxh5 Rd3 53. b4 Rd4 54. a3 Ke6 55. Ng7+ Kf7 56. Nf5 Rd1 57. Ne3 Rd3 58. Nd5 Ke6 59. Nb6 Rxd6 60. Nc4 Rd7+ 61. Kb6 Nf7 62. Kxa6 Rd3 63. b5 Rxg3 64. b6 Nd8 65. Rc8 Kd7 66. b7 Nxb7 67. Kxb7 Rb3+ 68. Ka6 Kxc8 69. a4 Rb4 70. Nd6+ Kd7 0-1


[Site "https://www.chess.com"]

[Event "Titled Tuesday Blitz June 15 2021"]
[White "Eternauta2400"]
[Black "Shapkin, Anatoliy"]
[BlackFideId "34108332"]
[WhiteElo "2475"]
[BlackElo "2223"]
[Result "1-0"]
[Round "02"]
[TimeControl "180+1"]
[Date "2021.06.15"]
[WhiteClock "0:00:36"]
[BlackClock "0:00:01"]

1. e4 e5 2. Nf3 Nc6 3. Nc3 Nf6 4. d4 exd4 5. Nxd4 Bb4 6. Nxc6 bxc6 7. Bd3 d5 8. exd5 cxd5 9. O-O O-O 10. Bg5 c6 11. Na4 Bd6 12. Re1 h6 13. Bh4 Rb8 14. c3 Be6 15. Bc2 g5 16. Bg3 Re8 17. Qd4 Kg7 18. Re3 Bxg3 19. hxg3 Bg4 20. Rae1 Rxe3 21. Rxe3 Qd7 22. Nc5 Qd6 23. b4 a5 24. a3 axb4 25. axb4 Kg8 26. Ne6 Bxe6 27. Qxf6 Qf8 28. Rxe6 fxe6 29. Qxe6+ Kh8 30. Qxc6 Rc8 31. Qxd5 Rxc3 32. Qe4 Rc7 33. b5 Qd6 34. Qe8+ Kg7 35. Bb3 Re7 36. Qg8+ Kf6 37. Bc2 Ke5 38. Qh8+ Kd5 39. Qc3 Qc5 40. Bb3+ Kd6 41. Qf6+ Kd7 42. b6 Qd6 43. Qf5+ Kc6 44. Qa5 1-0


[Site "https://www.chess.com"]

[Event "Titled Tuesday Blitz June 15 2021"]
[White "Eugene, Floryan"]
[Black "Demidov, Mikhail"]
[WhiteFideId "20694784"]
[BlackFideId "4197143"]
[WhiteElo "2548"]
[BlackElo "2583"]
[Result "1/2-1/2"]
[Round "02"]
[TimeControl "180+1"]
[Date "2021.06.15"]
[WhiteClock "0:01:28"]
[BlackClock "0:00:57"]

1. e4 e6 2. d4 d5 3. Nd2 a6 4. Ngf3 c5 5. c3 Nc6 6. Bd3 cxd4 7. cxd4 Nb4 8. Bb1 dxe4 9. Nxe4 Bd7 10. O-O Be7 11. Ne5 Nf6 12. Ng5 O-O 13. a3 Nbd5 14. Qd3 h6 15. Ngxf7 Rxf7 16. Bxh6 gxh6 17. Nxf7 Kxf7 18. Qg6+ Kf8 19. Qxh6+ Kf7 20. Qg6+ Kf8 21. Qh6+ Kf7 22. Qg6+ Kf8 23. Qh6+ 1/2-1/2


[Site "https://www.chess.com"]

[Event "Titled Tuesday Blitz June 15 2021"]
[White "Ezat, Mohamed"]
[Black "Harutyunyan, Tigran K."]
[WhiteFideId "10600906"]
[BlackFideId "13303635"]
[WhiteElo "2414"]
[BlackElo "2444"]
[Result "0-1"]
[Round "02"]
[TimeControl "180+1"]
[Date "2021.06.15"]
[WhiteClock "0:00:24"]
[BlackClock "0:02:23"]

1. Nf3 d5 2. g3 Nc6 3. Bg2 e5 4. O-O e4 5. Ne1 h5 6. d3 h4 7. dxe4 d4 8. Nf3 hxg3 9. fxg3 Nf6 10. Bg5 Be7 11. e5 Ng4 12. Bxe7 Qxe7 13. h3 Ne3 14. Qd2 Nxf1 15. Bxf1 Bxh3 16. Na3 O-O-O 17. Rd1 Nxe5 18. Qa5 Nxf3+ 19. exf3 Qe3+ 20. Kh2 Bxf1+ 0-1


[Site "https://www.chess.com"]

[Event "Titled Tuesday Blitz June 15 2021"]
[White "Fier, Alexandr"]
[Black "Sadykov, Ramil"]
[WhiteFideId "2107139"]
[BlackFideId "24113590"]
[WhiteElo "2569"]
[BlackElo "2300"]
[Result "1/2-1/2"]
[Round "02"]
[TimeControl "180+1"]
[Date "2021.06.15"]
[WhiteClock "0:00:50"]
[BlackClock "0:00:04"]

1. d4 d5 2. c4 e6 3. Nc3 Nf6 4. Nf3 Be7 5. Bf4 O-O 6. e3 b6 7. cxd5 Nxd5 8. Nxd5 Qxd5 9. Be2 Ba6 10. Bxa6 Nxa6 11. O-O c5 12. Qe2 Qb7 13. Rfd1 Rfd8 14. a3 Bf6 15. Be5 Bxe5 16. Nxe5 cxd4 17. exd4 Nc7 18. Rd3 Nd5 19. Qe4 Qc7 20. Rh3 Nf6 21. Qf4 Rac8 22. Rc3 Qd6 23. Rac1 Rxc3 24. Rxc3 h6 25. h3 Qf8 26. Nc6 Nd5 27. Qh4 Nxc3 28. Nxd8 Nd5 29. Nc6 Qc8 30. Ne5 Qc1+ 31. Kh2 Qxb2 32. Qd8+ Kh7 33. Nxf7 Qxd4 34. Kg1 Qa1+ 35. Kh2 Qd4 36. Qb8 Qxf2 37. Qh8+ Kg6 38. Ne5+ Kf5 39. Qf8+ Nf6 40. Ng4 Qf4+ 41. Kg1 Qc1+ 42. Kh2 Qf4+ 43. Kh1 Qc1+ 44. Kh2 Qf4+ 1/2-1/2


[Site "https://www.chess.com"]

[Event "Titled Tuesday Blitz June 15 2021"]
[White "Flores Quillas, Diego Saul Rodri"]
[Black "Babazada, Khazar"]
[WhiteFideId "3822508"]
[BlackFideId "13413554"]
[WhiteElo "2071"]
[BlackElo "2344"]
[Result "1-0"]
[Round "02"]
[TimeControl "180+1"]
[Date "2021.06.15"]
[WhiteClock "0:00:17"]
[BlackClock "0:02:22"]

1. e4 c6 2. d4 d5 3. Nc3 g6 4. e5 Bg7 5. f4 h5 6. Nf3 Nh6 7. Be3 Bg4 8. h3 Nf5 9. Bf2 Bxf3 10. Qxf3 e6 11. Bd3 h4 12. Ne2 Nd7 13. b3 Rc8 14. O-O c5 15. dxc5 Nxc5 16. Bb5+ Kf8 17. Bxc5+ Rxc5 18. Bd3 a6 19. Rfd1 Qb6 20. Qf2 Qc7 21. c4 dxc4 22. Bxc4 b5 23. Bd3 Kg8 24. Rac1 Bf8 25. Kh2 Kg7 26. Bxf5 gxf5 27. g3 Be7 28. gxh4 Rxh4 29. Rg1+ Kf8 30. Qg2 Ke8 31. Qa8+ Kd7 32. Rgd1+ 1-0


[Site "https://www.chess.com"]

[Event "Titled Tuesday Blitz June 15 2021"]
[White "Gelman, Alexander"]
[Black "Zhigalko, Sergei"]
[WhiteFideId "4118316"]
[BlackFideId "13502956"]
[WhiteElo "2375"]
[BlackElo "2662"]
[Result "0-1"]
[Round "02"]
[TimeControl "180+1"]
[Date "2021.06.15"]
[WhiteClock "0:00:01"]
[BlackClock "0:00:03"]

1. d4 Nf6 2. Nc3 d5 3. Bf4 a6 4. e3 e6 5. g4 Bb4 6. Bg2 O-O 7. g5 Ne4 8. Bxe4 dxe4 9. Ne2 b5 10. a3 Bxc3+ 11. Nxc3 Bb7 12. Qg4 Nd7 13. h4 Qe7 14. Qg3 e5 15. dxe5 Nc5 16. e6 Nxe6 17. Be5 Rfe8 18. O-O-O b4 19. axb4 Qxb4 20. h5 Rab8 21. g6 fxg6 22. hxg6 h6 23. Rh5 Bc6 24. b3 Qa3+ 25. Kb1 Nc5 26. Bxg7 Nxb3 27. cxb3 Qxb3+ 28. Kc1 Qb2# 0-1


[Site "https://www.chess.com"]

[Event "Titled Tuesday Blitz June 15 2021"]
[White "Gunina, Valentina"]
[Black "deribas12345"]
[WhiteFideId "4167570"]
[WhiteElo "2399"]
[BlackElo "2530"]
[Result "1-0"]
[Round "02"]
[TimeControl "180+1"]
[Date "2021.06.15"]
[WhiteClock "0:00:58"]
[BlackClock "0:00:29"]

1. d4 Nf6 2. c4 d6 3. Nc3 Bf5 4. Nf3 h6 5. g3 c6 6. Bg2 Nbd7 7. O-O e5 8. b3 Be7 9. Bb2 O-O 10. Qd2 Qc7 11. Rfe1 e4 12. Nh4 Bh7 13. Bh3 Qa5 14. Nxe4 Qh5 15. Nxf6+ Nxf6 16. Bg2 Ne4 17. Bxe4 Bxe4 18. Ng2 d5 19. f3 Bh7 20. cxd5 cxd5 21. Qa5 Bg5 22. Qxd5 Rac8 23. Ba3 Rfd8 24. Qxb7 Bd2 25. Red1 Bc3 26. Rac1 Bxd4+ 27. Rxd4 Rxc1+ 28. Bxc1 Re8 29. Qd7 f6 30. Nf4 Qc5 31. Qxe8+ Qf8 32. Qe6+ 1-0


[Site "https://www.chess.com"]

[Event "Titled Tuesday Blitz June 15 2021"]
[White "Hansen, Eric"]
[Black "Mezentsev, Ivan"]
[WhiteFideId "2606771"]
[BlackFideId "13706195"]
[WhiteElo "2568"]
[BlackElo "2295"]
[Result "1-0"]
[Round "02"]
[TimeControl "180+1"]
[Date "2021.06.15"]
[WhiteClock "0:01:37"]
[BlackClock "0:00:05"]

1. b3 Nf6 2. Bb2 d5 3. e3 Bf5 4. h3 h6 5. Nf3 e6 6. Rg1 a6 7. g4 Bh7 8. g5 hxg5 9. Nxg5 Bf5 10. d3 c5 11. Nd2 Nc6 12. e4 dxe4 13. dxe4 Bh7 14. e5 Nd5 15. Qh5 Qd7 16. Nxh7 O-O-O 17. Nxf8 Rdxf8 18. Qf3 Nd4 19. Qe4 f5 20. exf6 Nxf6 21. Qd3 Rd8 22. O-O-O Qc6 23. Bg2 Qc7 24. Qe3 Nd5 25. Bxd5 Rxd5 26. Bxd4 cxd4 27. Qxe6+ 1-0


[Site "https://www.chess.com"]

[Event "Titled Tuesday Blitz June 15 2021"]
[White "Har-Zvi, Ronen"]
[Black "Jakubowski, Krzysztof"]
[WhiteFideId "2801485"]
[BlackFideId "1112848"]
[WhiteElo "2523"]
[BlackElo "2462"]
[Result "1-0"]
[Round "02"]
[TimeControl "180+1"]
[Date "2021.06.15"]
[WhiteClock "0:01:48"]
[BlackClock "0:00:18"]

1. Nf3 Nf6 2. c4 e6 3. Nc3 d5 4. d4 Nbd7 5. Bf4 dxc4 6. e3 Nd5 7. Bxc4 Nxf4 8. exf4 Nb6 9. Bb3 g6 10. Qe2 Bg7 11. Rd1 O-O 12. h4 a5 13. a3 a4 14. Ba2 Nd5 15. g3 Nxc3 16. bxc3 Qd6 17. h5 Qxa3 18. hxg6 hxg6 19. Ng5 Qxc3+ 20. Kf1 Ra6 21. f5 Qc6 22. d5 exd5 23. Bxd5 Qf6 24. Nxf7 Rxf7 25. Qe8+ Bf8 26. Bxf7+ Qxf7 27. Rh8+ Kg7 28. Rh7+ Kxh7 29. Qxf7+ Bg7 30. Rd8 Bxf5 31. Rg8 Bd3+ 32. Kg1 1-0


[Site "https://www.chess.com"]

[Event "Titled Tuesday Blitz June 15 2021"]
[White "Harshavardhan G B"]
[Black "Cunjalo, Faris"]
[WhiteFideId "25059009"]
[BlackFideId "14410710"]
[WhiteElo "1825"]
[BlackElo "2234"]
[Result "0-1"]
[Round "02"]
[TimeControl "180+1"]
[Date "2021.06.15"]
[WhiteClock "0:00:37"]
[BlackClock "0:01:30"]

1. d4 Nf6 2. c4 g6 3. Nc3 c5 4. d5 Bg7 5. e4 d6 6. Bd3 O-O 7. Nge2 e6 8. O-O Re8 9. h3 Na6 10. Bg5 h6 11. Bh4 Nc7 12. f4 exd5 13. cxd5 b5 14. Ng3 c4 15. Bc2 b4 16. Nce2 Nb5 17. Ba4 Qb6+ 18. Kh2 Bd7 19. e5 dxe5 20. fxe5 Rxe5 21. Bxf6 Bxf6 22. Bxb5 Bxb5 23. Nd4 Rxd5 24. Qf3 Rxd4 25. Qxa8+ Kg7 26. Rae1 c3 27. bxc3 Rd8 28. Qf3 Bxf1 29. Rxf1 bxc3 30. Ne4 Be5+ 31. g3 Qc7 32. Rc1 c2 33. Qe2 Rc8 34. Kg2 Bb2 0-1


[Site "https://www.chess.com"]

[Event "Titled Tuesday Blitz June 15 2021"]
[White "Herrera Reyes, Jose Antonio"]
[Black "Lazavik, Denis"]
[WhiteFideId "2274914"]
[BlackFideId "13515110"]
[WhiteElo "2370"]
[BlackElo "2436"]
[Result "0-1"]
[Round "02"]
[TimeControl "180+1"]
[Date "2021.06.15"]
[WhiteClock "0:01:31"]
[BlackClock "0:00:38"]

1. Nf3 Nf6 2. g3 d5 3. Bg2 c6 4. O-O Bf5 5. d3 e6 6. c3 h6 7. Qb3 Qb6 8. Be3 Qxb3 9. axb3 a6 10. b4 Nbd7 11. Nbd2 Ng4 12. Bd4 e5 13. h3 exd4 14. hxg4 dxc3 15. bxc3 Bxg4 16. Nb3 Bxf3 17. Bxf3 O-O-O 18. Rfb1 g6 19. Na5 Bg7 20. Ra3 Kc7 21. c4 Ne5 22. Bg2 dxc4 23. dxc4 b6 24. Nb3 Nxc4 25. Rxa6 Ra8 26. Rxa8 Rxa8 27. b5 Ra4 28. Rc1 cxb5 29. Nd2 Ra1 30. Rxa1 Bxa1 31. Nb3 Bc3 32. Bd5 f6 33. Bf7 g5 34. Kg2 Kd6 35. Be8 b4 36. Bb5 Na5 37. Nc1 b3 38. Bd3 Bb2 0-1


[Site "https://www.chess.com"]

[Event "Titled Tuesday Blitz June 15 2021"]
[White "Isajevsky, Anton"]
[Black "Murzin, Volodar"]
[WhiteFideId "4142500"]
[BlackFideId "44155573"]
[WhiteElo "2510"]
[BlackElo "2541"]
[Result "0-1"]
[Round "02"]
[TimeControl "180+1"]
[Date "2021.06.15"]
[WhiteClock "0:00:18"]
[BlackClock "0:00:12"]

1. c4 Nf6 2. Nc3 g6 3. g3 Bg7 4. Bg2 O-O 5. e3 d6 6. Nge2 Nc6 7. O-O Bf5 8. d3 Qd7 9. Re1 e5 10. b3 Bh3 11. Bh1 Ng4 12. Nd5 f5 13. Bb2 Nd8 14. f3 Nf6 15. f4 Ng4 16. Qd2 c6 17. Ndc3 Ne6 18. Bg2 Bxg2 19. Kxg2 Rae8 20. h3 Nf6 21. Rad1 exf4 22. exf4 d5 23. Ng1 dxc4 24. dxc4 Qxd2+ 25. Rxd2 Nxf4+ 26. gxf4 Rxe1 27. Nf3 Re3 28. Nd1 Ree8 29. Be5 Nh5 30. Nc3 Nxf4+ 31. Bxf4 Bxc3 32. Rd7 Rf7 0-1


[Site "https://www.chess.com"]

[Event "Titled Tuesday Blitz June 15 2021"]
[White "Iskusnyh, Sergei"]
[Black "Matlakov, Maxim"]
[WhiteFideId "4120027"]
[BlackFideId "4168003"]
[WhiteElo "2492"]
[BlackElo "2760"]
[Result "0-1"]
[Round "02"]
[TimeControl "180+1"]
[Date "2021.06.15"]
[WhiteClock "0:00:09"]
[BlackClock "0:00:40"]

1. d4 d5 2. c4 e6 3. Nf3 Nd7 4. Nbd2 f5 5. g3 c6 6. Bg2 Ngf6 7. O-O Bd6 8. b3 O-O 9. Bb2 Ne4 10. Qc2 Qf6 11. e3 g5 12. Ne1 h5 13. Nd3 h4 14. Nf3 hxg3 15. hxg3 Qh6 16. Nfe5 Nxe5 17. Nxe5 Bxe5 18. dxe5 Rf7 19. Bxe4 fxe4 20. Kg2 Qh5 21. Qd1 Qf3+ 22. Qxf3 exf3+ 23. Kh3 dxc4 24. bxc4 c5 25. Rad1 Bd7 26. Rh1 Ba4 27. Rdf1 Bc2 28. g4 Bd3 29. Rd1 Be2 30. Rd6 Rh7+ 31. Kg3 Rxh1 32. Rxe6 Rg1+ 33. Kh2 Rg2+ 34. Kh3 Kf7 35. Rf6+ Ke7 36. Rh6 Rxf2 37. Bc3 Rf1 38. Kg3 Rg1+ 39. Kf2 Rg2+ 40. Ke1 Bxc4 0-1


[Site "https://www.chess.com"]

[Event "Titled Tuesday Blitz June 15 2021"]
[White "Ivanisevic, Ivan"]
[Black "Vovk, Orest"]
[WhiteFideId "912417"]
[BlackFideId "14113490"]
[WhiteElo "2499"]
[BlackElo "2203"]
[Result "1-0"]
[Round "02"]
[TimeControl "180+1"]
[Date "2021.06.15"]
[WhiteClock "0:00:29"]
[BlackClock "0:00:05"]

1. d4 Nc6 2. c4 e5 3. d5 Nce7 4. Nc3 Ng6 5. a3 Bc5 6. Nf3 a6 7. h4 d6 8. h5 Nf8 9. b4 Ba7 10. Qc2 h6 11. e3 Nf6 12. Be2 N8h7 13. Bb2 Ng5 14. Nh4 e4 15. O-O-O Bd7 16. Kb1 Qe7 17. c5 dxc5 18. b5 O-O 19. Qb3 axb5 20. Nxb5 Bxb5 21. Bxb5 c6 22. d6 Qd8 23. Be2 b5 24. Nf5 c4 25. Ne7+ Qxe7 26. dxe7 cxb3 27. exf8=Q+ Kxf8 28. Rc1 c5 29. Bxb5 Ng4 30. Rhf1 f6 31. Bc4 Nf7 32. Bxb3 Nfe5 33. Bd5 Nd3 34. Bxa8 Nxc1 35. Rxc1 1-0


[Site "https://www.chess.com"]

[Event "Titled Tuesday Blitz June 15 2021"]
[White "Jacobson, Brandon"]
[Black "Sellitti, Federico"]
[WhiteFideId "30901561"]
[BlackFideId "821829"]
[WhiteElo "2362"]
[BlackElo "2587"]
[Result "1-0"]
[Round "02"]
[TimeControl "180+1"]
[Date "2021.06.15"]
[WhiteClock "0:00:17"]
[BlackClock "0:00:06"]

1. d4 d5 2. c4 Nc6 3. Nc3 dxc4 4. Nf3 Nf6 5. Bg5 Bg4 6. e3 e6 7. Bxc4 Be7 8. O-O O-O 9. Be2 Nd5 10. Bxe7 Ncxe7 11. Rc1 c6 12. Na4 Ng6 13. Qb3 Rb8 14. h3 Bxf3 15. Bxf3 Nh4 16. e4 Nf4 17. Rfd1 Qg5 18. Rc5 f5 19. exf5 Nfxg2 20. Bg4 h5 21. fxe6 Qg6 22. e7+ Rf7 23. Bxh5 Qf6 24. Bxf7+ Qxf7 25. Rd3 Qxb3 26. Rxb3 Kf7 27. Rxc6 Nf4 28. Rc7 Ne6 29. Rcxb7 Re8 30. d5 Nd4 31. Rd3 Ne2+ 32. Kf1 Nf4 33. Rd4 g5 34. d6 Nf5 35. Rxf4 gxf4 36. d7 Kxe7 37. dxe8=Q+ Kxe8 38. Rxa7 Nd4 39. Nc5 Nc6 40. Ra8+ Ke7 41. Nd3 f3 42. Ra6 Nd4 43. Ra4 Nc6 44. Re4+ Kf6 45. Rf4+ Kg5 46. Rxf3 Nd4 47. Rg3+ Kh4 48. Nf4 Nf3 49. Rg4# 1-0


[Site "https://www.chess.com"]

[Event "Titled Tuesday Blitz June 15 2021"]
[White "Jarmula, Lukasz"]
[Black "Tristan, Leonardo"]
[WhiteFideId "1160664"]
[BlackFideId "113816"]
[WhiteElo "2244"]
[BlackElo "2404"]
[Result "1-0"]
[Round "02"]
[TimeControl "180+1"]
[Date "2021.06.15"]
[WhiteClock "0:00:20"]
[BlackClock "0:00:03"]

1. e4 d5 2. exd5 Qxd5 3. Nc3 Qa5 4. d4 Nf6 5. Nf3 Bf5 6. Bd2 e6 7. Nb5 Qb6 8. c4 a6 9. c5 Qc6 10. Ne5 Qe4+ 11. Be2 axb5 12. Be3 c6 13. O-O Nbd7 14. Bf3 Qc2 15. Nxc6 Qxd1 16. Rfxd1 bxc6 17. Bxc6 Rc8 18. Bxb5 Rb8 19. a4 Rc8 20. a5 Be4 21. b4 Be7 22. f3 Bd5 23. Be2 e5 24. dxe5 Nxe5 25. Ba6 Rb8 26. b5 O-O 27. Rac1 Bc4 28. Bf4 Bxc5+ 29. Kh1 Bxb5 30. Bxe5 Be3 31. Bxb8 Rxb8 32. Rb1 1-0


[Site "https://www.chess.com"]

[Event "Titled Tuesday Blitz June 15 2021"]
[White "Javakhadze, Zurab"]
[Black "Terry, Renato"]
[WhiteFideId "13603647"]
[BlackFideId "3803457"]
[WhiteElo "2381"]
[BlackElo "2581"]
[Result "1-0"]
[Round "02"]
[TimeControl "180+1"]
[Date "2021.06.15"]
[WhiteClock "0:01:08"]
[BlackClock "0:00:03"]

1. Nf3 Nf6 2. c4 b6 3. g3 Bb7 4. Bg2 g6 5. O-O Bg7 6. d4 O-O 7. d5 b5 8. Nc3 bxc4 9. Nd2 c5 10. Nxc4 d6 11. Re1 Nbd7 12. e4 Ba6 13. Bf1 Rb8 14. a3 Qc7 15. Qa4 Bxc4 16. Qxc4 Ne5 17. Qe2 c4 18. Qd1 Nfd7 19. f4 Nd3 20. Bxd3 cxd3 21. Qxd3 Bxc3 22. Qxc3 Qxc3 23. bxc3 Rfc8 24. Be3 Rxc3 25. Bxa7 Ra8 26. Bd4 Rc4 27. Bf2 Nf6 28. e5 Nxd5 29. exd6 exd6 30. Red1 Ra5 31. Be1 Rac5 32. a4 Rc2 33. a5 Ne3 34. Rd2 Rc1 35. Rxc1 Rxc1 36. Kf2 Ng4+ 37. Ke2 Ra1 38. Rxd6 Ra2+ 39. Kd3 Nxh2 40. Bc3 Kf8 41. Bf6 1-0


[Site "https://www.chess.com"]